ITL
LOUISVILLE BATS @ AMARILLO ARCHDUKES
05/29/2030
 
TOP OF THE 1ST
Louisville Bats batting - Pitching for Amarillo Archdukes : RHP Sébastien Benoit
Pitching: RHP Sébastien Benoit
Batting: SHB Dave Henley 0-0: Ball
1-0: Ball
2-0: Swinging Strike
2-1: Swinging Strike
2-2: Strikes out looking
Batting: RHB Zhong Shui 0-0: Ball
1-0: Ball
2-0: Ball
3-0: Called Strike
3-1: Base on Balls
Batting: RHB John Denton 0-0: Called Strike
0-1: Ball
1-1: 2-RUN HOME RUN (Flyball, 78XD), Distance : 374 ft
Batting: RHB Mark Arnold 0-0: Called Strike
0-1: Called Strike
0-2: Ball
1-2: Foul Ball, location: 2F
1-2: Ball
2-2: Foul Ball, location: 2F
2-2: Strikes out swinging
Batting: LHB George Smith 0-0: Swinging Strike
0-1: Fly out, F8 (Flyball, 8RD)
Top of the 1st over - 2 runs, 1 hit, 0 errors, 0 left on base; Louisville 2 - Amarillo 0
BOTTOM OF THE 1ST
Amarillo Archdukes batting - Pitching for Louisville Bats : RHP Arthur Martínez
Pitching: RHP Arthur Martínez
Batting: RHB Jesús Ramos 0-0: Called Strike
0-1: Fly out, F8 (Flyball, 8LD)
Batting: RHB Fernando Castellanos 0-0: Ball
1-0: Ball
2-0: Ball
3-0: Called Strike
3-1: Base on Balls
Batting: SHB Álex Hernández 0-0: Called Strike
0-1: Ball
1-1: Swinging Strike
1-2: Strikes out swinging
Batting: LHB António Chávez 0-0: Ball
1-0: Ball
2-0: Foul Ball, location: 2F
2-1: Ball
3-1: Base on Balls
Fernando Castellanos to second
Batting: RHB Vincente Ramírez 0-0: Foul Ball, location: 2F
0-1: Called Strike
0-2: Strikes out looking
Bottom of the 1st over - 0 runs, 0 hits, 0 errors, 2 left on base; Louisville 2 - Amarillo 0
TOP OF THE 2ND
Louisville Bats batting - Pitching for Amarillo Archdukes : RHP Sébastien Benoit
Batting: LHB Eduardo Gómez 0-0: Ball
1-0: Ball
2-0: Foul Ball, location: 2F
2-1: Ground out 4-3 (Groundball, 34)
Batting: LHB Richard Olvera 0-0: Called Strike
0-1: Ball
1-1: Swinging Strike
1-2: Ball
2-2: Strikes out swinging
Batting: RHB Shawn Marshall 0-0: Called Strike
0-1: Fly out, F6 (Line Drive, 6)
Top of the 2nd over - 0 runs, 0 hits, 0 errors, 0 left on base; Louisville 2 - Amarillo 0
BOTTOM OF THE 2ND
Amarillo Archdukes batting - Pitching for Louisville Bats : RHP Arthur Martínez
Batting: SHB Jeff Chambers 0-0: Ball
1-0: Ball
2-0: Foul Ball, location: 2F
2-1: Foul Ball, location: 2F
2-2: Strikes out swinging
Batting: RHB Félix Trevino 0-0: Ball
1-0: Ball
2-0: Ball
3-0: Base on Balls
Batting: RHB Rich Henley 0-0: Called Strike
0-1: Ball
1-1: Foul Ball, location: 2F
1-2: Ball
2-2: Ball
3-2: Strikes out looking
Batting: RHB Nelson Castro 0-0: Fly out, F4 (Line Drive, 4M)
Bottom of the 2nd over - 0 runs, 0 hits, 0 errors, 1 left on base; Louisville 2 - Amarillo 0
TOP OF THE 3RD
Louisville Bats batting - Pitching for Amarillo Archdukes : RHP Sébastien Benoit
Batting: RHB Roberto Zamora 0-0: Foul Ball, location: 2F
0-1: Ball
1-1: Foul Ball, location: 2F
1-2: Ball
2-2: Ball
3-2: Base on Balls
Batting: SHB Dave Henley 0-0: Called Strike
0-1: Swinging Strike
0-2: Ball
1-2: SINGLE (Line Drive, 6M)
Roberto Zamora to second
Batting: RHB Zhong Shui 0-0: Called Strike
0-1: Called Strike
0-2: Strikes out swinging
Pitching: RHP Domingo León
Batting: RHB John Denton 0-0: Ball
1-0: SINGLE (Groundball, 6D)
Roberto Zamora to third
Dave Henley to second
Runner from 3rd tries for Home, SAFE, no throw
Batting: RHB Mark Arnold 0-0: Swinging Strike
0-1: Grounds into double play, 5-4-3 (Groundball, 56)
Top of the 3rd over - 1 run, 2 hits, 0 errors, 1 left on base; Louisville 3 - Amarillo 0
BOTTOM OF THE 3RD
Amarillo Archdukes batting - Pitching for Louisville Bats : RHP Arthur Martínez
Batting: RHB Jesús Ramos 0-0: Fly out, F8 (Flyball, 8LD)
Batting: RHB Fernando Castellanos 0-0: Foul Ball, location: 2F
0-1: SINGLE (Flyball, 89S)
Batting: SHB Álex Hernández 0-0: Foul Ball, location: 2F
0-1: SINGLE (Line Drive, 9LS)
Fernando Castellanos to second
Batting: LHB António Chávez 0-0: Ball
1-0: Called Strike
1-1: Foul Ball, location: 2F
1-2: Foul Ball, location: 2F
1-2: Ball
2-2: Ball
3-2: Fly out, F7 (Flyball, 7S)
Batting: RHB Vincente Ramírez 0-0: Ball
1-0: Called Strike
1-1: Ball
2-1: Foul Ball, location: 2F
2-2: SINGLE (Groundball, 4) (infield hit)
Fernando Castellanos to third
Álex Hernández to second
Batting: SHB Jeff Chambers 0-0: Ball
1-0: Ball
2-0: Ball
3-0: Base on Balls
Fernando Castellanos scores
Álex Hernández to third
Vincente Ramírez to second
Batting: RHB Félix Trevino 0-0: Called Strike
0-1: Called Strike
0-2: Ball
1-2: Ground out 6-3 (Groundball, 56D)
Bottom of the 3rd over - 1 run, 3 hits, 0 errors, 3 left on base; Louisville 3 - Amarillo 1
TOP OF THE 4TH
Louisville Bats batting - Pitching for Amarillo Archdukes : RHP Domingo León
Batting: LHB George Smith 0-0: Ball
1-0: Ball
2-0: Foul Ball, location: 2F
2-1: Called Strike
2-2: Ball
3-2: Base on Balls
Batting: LHB Eduardo Gómez 0-0: Called Strike
0-1: Foul Ball, location: 2F
0-2: Strikes out swinging
Batting: LHB Richard Olvera 0-0: Swinging Strike
0-1: Ball
1-1: 2-RUN HOME RUN (Flyball, 9D), Distance : 355 ft
Batting: RHB Shawn Marshall 0-0: DOUBLE (Line Drive, 89D)
Batting: RHB Roberto Zamora 0-0: Called Strike
0-1: Ball
1-1: Ball
2-1: Ball
3-1: Base on Balls
Batting: SHB Dave Henley 0-0: Swinging Strike
0-1: Ball
1-1: Ball
2-1: Fly out, F3 (Popup, 3)
Batting: RHB Zhong Shui 0-0: DOUBLE (Line Drive, 9LD)
Shawn Marshall scores
Roberto Zamora to third
Runner from 3rd tries for Home, SAFE, no throw
Batting: RHB John Denton 0-0: Ball
1-0: Swinging Strike
1-1: Swinging Strike
1-2: Ball
2-2: Ball
3-2: Ground out 6-3 (Groundball, 56)
Top of the 4th over - 4 runs, 3 hits, 0 errors, 1 left on base; Louisville 7 - Amarillo 1
BOTTOM OF THE 4TH
Amarillo Archdukes batting - Pitching for Louisville Bats : RHP Arthur Martínez
Batting: RHB Rich Henley 0-0: Ball
1-0: Ground out 5-3 (Groundball, 5L)
Batting: RHB Nelson Castro 0-0: Foul Ball, location: 2F
0-1: Ball
1-1: Ball
2-1: Ball
3-1: Ground out 4-3 (Groundball, 34)
Batting: RHB Jesús Ramos 0-0: Called Strike
0-1: Swinging Strike
0-2: Strikes out looking
Bottom of the 4th over - 0 runs, 0 hits, 0 errors, 0 left on base; Louisville 7 - Amarillo 1
TOP OF THE 5TH
Louisville Bats batting - Pitching for Amarillo Archdukes : RHP Domingo León
Batting: RHB Mark Arnold 0-0: Swinging Strike
0-1: Ball
1-1: Called Strike
1-2: Foul Ball, location: 2F
1-2: Foul Ball, location: 2F
1-2: Strikes out swinging
Batting: LHB George Smith 0-0: Foul Ball, location: 2F
0-1: Ball
1-1: Called Strike
1-2: Foul Ball, location: 2F
1-2: Ball
2-2: Ground out 4-3 (Groundball, 4M)
Batting: LHB Eduardo Gómez 0-0: Called Strike
0-1: Ground out 1-3 (Groundball, P)
Top of the 5th over - 0 runs, 0 hits, 0 errors, 0 left on base; Louisville 7 - Amarillo 1
BOTTOM OF THE 5TH
Amarillo Archdukes batting - Pitching for Louisville Bats : RHP Arthur Martínez
Batting: RHB Fernando Castellanos 0-0: Ground out 4-3 (Groundball, 4M)
Batting: SHB Álex Hernández 0-0: Fly out, F7 (Flyball, 78D)
Batting: LHB António Chávez 0-0: Called Strike
0-1: Foul Ball, location: 2F
0-2: Ground out U3 (Groundball, 34)
Bottom of the 5th over - 0 runs, 0 hits, 0 errors, 0 left on base; Louisville 7 - Amarillo 1
TOP OF THE 6TH
Louisville Bats batting - Pitching for Amarillo Archdukes : RHP Domingo León
Batting: LHB Richard Olvera 0-0: Called Strike
0-1: Ball
1-1: Foul Ball, location: 2F
1-2: Fly out, F8 (Flyball, 8RD)
Batting: RHB Shawn Marshall 0-0: Ball
1-0: Ground out U3 (Groundball, 3S)
Batting: RHB Roberto Zamora 0-0: Ball
1-0: Ball
2-0: Ball
3-0: Base on Balls
Batting: SHB Dave Henley 0-0: Ball
Roberto Zamora steals 2nd base
1-0: Ball
2-0: Called Strike
2-1: Swinging Strike
2-2: Foul Ball, location: 2F
2-2: Ground out U3 (Groundball, 3S)
Top of the 6th over - 0 runs, 0 hits, 0 errors, 1 left on base; Louisville 7 - Amarillo 1
BOTTOM OF THE 6TH
Amarillo Archdukes batting - Pitching for Louisville Bats : RHP Arthur Martínez
Batting: RHB Vincente Ramírez 0-0: Ball
1-0: Ball
2-0: SINGLE (Groundball, 4MD)
Batting: SHB Jeff Chambers 0-0: Ball
1-0: Ball
2-0: Ball
3-0: Base on Balls
Vincente Ramírez to second
Pitching: LHP Dave Carbone
Batting: RHB Félix Trevino 0-0: Called Strike
0-1: Ball
1-1: Called Strike
1-2: Ball
2-2: Ball
3-2: Foul Ball, location: 2F
3-2: Fly out, F8 (Flyball, 8LM)
Runner from 2nd tags up, SAFE at 3rd with throw
Batting: RHB Rich Henley 0-0: Called Strike
0-1: SINGLE (Groundball, 6MD)
Vincente Ramírez scores
Jeff Chambers to second
Batting: RHB Nelson Castro 0-0: Ball
1-0: Ball
2-0: Ball
3-0: Called Strike
3-1: Called Strike
3-2: SINGLE (Line Drive, 4D)
Jeff Chambers to third
Rich Henley to second
Runner from 3rd tries for Home, SAFE, no throw
Batting: RHB Jesús Ramos 0-0: Ball
1-0: Ball
2-0: Ball
3-0: Called Strike
3-1: Base on Balls
Rich Henley to third
Nelson Castro to second
Batting: RHB Fernando Castellanos 0-0: SINGLE (Groundball, 6MD)
Rich Henley scores
Nelson Castro to third
Jesús Ramos to second
Runner from 3rd tries for Home, SAFE, throw made home
Pitching: RHP John Thompson
Batting: SHB Álex Hernández 0-0: Ground out 4-3 (Groundball, 4M)
Jesús Ramos to third
Fernando Castellanos to second
Batting: LHB António Chávez 0-0: Swinging Strike
0-1: Ball
1-1: Ball
2-1: Ball
3-1: Base on Balls
Batting: RHB Vincente Ramírez 0-0: Ball
1-0: Ball
2-0: Ball
3-0: Called Strike
3-1: Base on Balls
Jesús Ramos scores
Fernando Castellanos to third
António Chávez to second
Batting: SHB Jeff Chambers 0-0: Ball
1-0: Ball
2-0: Called Strike
2-1: Ball
3-1: Base on Balls
Fernando Castellanos scores
António Chávez to third
Vincente Ramírez to second
Batting: RHB Félix Trevino 0-0: Called Strike
0-1: Called Strike
0-2: Ball
1-2: Ball
2-2: Foul Ball, location: 2F
2-2: Foul Ball, location: 2F
2-2: Ball
3-2: Foul Ball, location: 2F
3-2: Strikes out looking
Bottom of the 6th over - 6 runs, 4 hits, 0 errors, 3 left on base; Louisville 7 - Amarillo 7
TOP OF THE 7TH
Louisville Bats batting - Pitching for Amarillo Archdukes : RHP Domingo León
Pitching: RHP Wilson Molina
Batting: RHB Zhong Shui 0-0: SOLO HOME RUN (Flyball, 7LD), Distance : 315 ft
Batting: RHB John Denton 0-0: Called Strike
0-1: Foul Ball, location: 2F
0-2: Ball
1-2: Strikes out swinging
Batting: RHB Mark Arnold 0-0: Called Strike
0-1: Foul Ball, location: 2F
0-2: Ball
1-2: Strikes out swinging, 2-3 out at first.
Batting: LHB George Smith 0-0: Called Strike
0-1: Fly out, F9 (Flyball, 89S)
Top of the 7th over - 1 run, 1 hit, 0 errors, 0 left on base; Louisville 8 - Amarillo 7
BOTTOM OF THE 7TH
Amarillo Archdukes batting - Pitching for Louisville Bats : RHP John Thompson
Batting: RHB Rich Henley 0-0: Ball
1-0: Swinging Strike
1-1: SINGLE (Line Drive, 78S)
Pinch Hitting: LHB Brian Easdale 0-0: Ball
1-0: Ball
2-0: Single, Error in OF, E8, batter to second base
Rich Henley to third
Batting: RHB Jesús Ramos 0-0: Fly out, F8 (Flyball, 8LD)
Runner from 3rd tags up, SCORES, throw made
Pinch Hitting: LHB Earl Wigfall 0-0: Ball
1-0: Called Strike
1-1: Swinging Strike
1-2: Ball
2-2: Strikes out swinging
Batting: SHB Álex Hernández 0-0: Ball
1-0: Called Strike
1-1: Fly out, F5 (Line Drive, 5)
Bottom of the 7th over - 1 run, 2 hits, 1 error, 1 left on base; Louisville 8 - Amarillo 8
TOP OF THE 8TH
Louisville Bats batting - Pitching for Amarillo Archdukes : RHP Wilson Molina
Now at 1B: Herb Bunch
Now in LF: Earl Wigfall
Batting: LHB Eduardo Gómez 0-0: Ball
1-0: Foul Ball, location: 2F
1-1: Foul Ball, location: 2F
1-2: Foul Ball, location: 2F
1-2: Ball
2-2: SINGLE (Flyball, 9S)
Pinch Runner at 1st Alberto Soto:
Batting: LHB Richard Olvera 0-0: Ball
1-0: Swinging Strike
1-1: Swinging Strike
1-2: Foul Ball, location: 2F
1-2: Fly out, F8 (Flyball, 8RM)
Pinch Hitting: LHB Mike Callahan 0-0: Ball
1-0: DOUBLE (Line Drive, 9LD)
Alberto Soto to third
Batting: RHB Roberto Zamora 0-0: Ball
1-0: Foul Ball, location: 2F
1-1: Ball
2-1: Foul Ball, location: 2F
2-2: SINGLE (Line Drive, 56D)
Alberto Soto scores
Mike Callahan to third
Pitching: RHP José Abacil
Batting: SHB Dave Henley 0-0: Foul Ball, location: 2F
0-1: SINGLE (Flyball, 7LS)
Mike Callahan scores
Roberto Zamora to second
Batting: RHB Zhong Shui 0-0: Ball
1-0: Fielders Choice at 2nd, 4-6 (Groundball, 4M)
Roberto Zamora to third
Batting: RHB John Denton Pickoff Throw to First - Out!
Top of the 8th over - 2 runs, 4 hits, 0 errors, 1 left on base; Louisville 10 - Amarillo 8
BOTTOM OF THE 8TH
Amarillo Archdukes batting - Pitching for Louisville Bats : RHP John Thompson
Pitching: LHP Denny Welch
Now at 1B: Júlio Sánchez
Now at SS: Don Soper
Batting: LHB António Chávez 0-0: Ball
1-0: Ball
2-0: Swinging Strike
2-1: Foul Ball, location: 2F
2-2: Strikes out swinging
Pitching: RHP Juan Contreras
Batting: RHB Vincente Ramírez 0-0: Called Strike
0-1: Ball
1-1: Ground out 3-1 (Groundball, 34S)
Batting: SHB Jeff Chambers 0-0: Ball
1-0: Foul Ball, location: 2F
1-1: Ball
2-1: Foul Ball, location: 2F
2-2: Ball
3-2: Base on Balls
Batting: RHB Félix Trevino 0-0: Foul Ball, location: 2F
0-1: Ball
1-1: Ball
2-1: Called Strike
2-2: Fly out, F8 (Line Drive, 8LD)
Bottom of the 8th over - 0 runs, 0 hits, 0 errors, 1 left on base; Louisville 10 - Amarillo 8
TOP OF THE 9TH
Louisville Bats batting - Pitching for Amarillo Archdukes : RHP José Abacil
Pitching: LHP Christiano Gomes
Batting: RHB John Denton 0-0: Called Strike
0-1: Fly out, F9 (Flyball, 9)
Batting: RHB Mark Arnold 0-0: Ball
1-0: Called Strike
1-1: Fly out, F4 (Popup, 3D)
Batting: LHB George Smith 0-0: Ball
1-0: Ball
2-0: Called Strike
2-1: Ground out U3 (Groundball, 3)
Top of the 9th over - 0 runs, 0 hits, 0 errors, 0 left on base; Louisville 10 - Amarillo 8
BOTTOM OF THE 9TH
Amarillo Archdukes batting - Pitching for Louisville Bats : RHP Juan Contreras
Pitching: RHP Mario Machado
Batting: RHB Rich Henley 0-0: Called Strike
0-1: Called Strike
0-2: Foul Ball, location: 2F
0-2: Strikes out looking
Batting: RHB Herb Bunch 0-0: Foul Ball, location: 2F
0-1: Ball
1-1: Foul Ball, location: 2F
1-2: Ground out U3 (Groundball, 34)
Pitching: LHP Carlos Menéndez
Batting: RHB Jesús Ramos 0-0: Ball
1-0: Ball
2-0: Called Strike
2-1: Ground out 6-3 (Groundball, 6)
Bottom of the 9th over - 0 runs, 0 hits, 0 errors, 0 left on base; Louisville 10 - Amarillo 8
Saturday, April 7th, 2018 - OOTP Baseball 18.8 Build 76